 Dungeon Sprint DCSS version 0.24-a0-243-g8f5f5cd (webtiles) character file.

Game seed: 4014931901072770754

137 MikeHunt the Thrower (level 5, -2/75 HPs)
             Began as an Ogre Hunter on Apr 9, 2019.
             Was an Initiate of Okawaru.
             Slain by a killer bee (6 damage)
             ... in the Dungeon (Sprint IV: "Fedhas' Mad Dash").
             The game lasted 00:01:28 (321 turns).

MikeHunt the Thrower (Ogre Hunter)                   Turns: 321, Time: 00:01:29

Health: -2/75      AC:  4    Str: 21    XL:     5   Next: 20%
Magic:  5/5        EV: 10    Int: 12    God:    Okawaru [......]
Gold:   61         SH:  0    Dex: 10    Spells: 4/4 levels left

rFire    . . .     SeeInvis .   a - +0 short sword
rCold    . . .     Gourm    .   (no shield)
rNeg     . . .     Faith    .   b - +0 robe
rPois    .         Spirit   .   (helmet restricted)
rElec    .         Reflect  .   l - +0 cloak
rCorr    .         Harm     .   (gloves unavailable)
MR       .....     NoTele   +   (boots unavailable)
Stlth    ..........             (no amulet)
HPRegen  0.22/turn              (no ring)
MPRegen  0.09/turn              (no ring)

@: berserking, lethally poisoned (-2 -> -6), very quick
A: large, unfitting armour, tough skin 1
a: Renounce Religion


You were in the Dungeon.
You worshipped Okawaru.
Okawaru was noncommittal.
You were not hungry.

You visited 1 branch You collected 61 gold pieces.

Inventory:

Hand Weapons
 a - a +0 short sword (weapon)
Missiles
 c - 2 large rocks (quivered)
 d - 2 throwing nets
Armour
 b - a +0 robe (worn)
 l - a +0 cloak (worn)
Jewellery
 m - the amulet of invisibility {+Inv}
   (You found it in the Dungeon)

   [amulet of nothing]

   It lets you turn invisible.
Scrolls
 k - a scroll of blinking
 n - a scroll of remove curse {unknown}
Potions
 e - a potion of curing
 g - a potion of heal wounds
 h - a potion of haste
 i - 2 potions of magic
Comestibles
 f - a ration


   Skills:
 - Level 2.6 Fighting
 + Level 10.6 Throwing
 - Level 1.7 Dodging
 - Level 0.6 Stealth


You had 4 spell levels left.
You didn't know any spells.
Your spell library was empty.

Dungeon Overview and Level Annotations

Branches:
Dungeon (1/1)

Altars:
Cheibriados
Dithmenos
Elyvilon
Gozag
Hepliaklqana
Kikubaaqudgha
Makhleb
Nemelex Xobeh
Okawaru
Qazlal
Ru
Sif Muna
Trog
Uskayaw
Vehumet
Wu Jian
Xom
Yredelemnul
Zin
The Shining One
Beogh
Jiyva
Lugonu


Innate Abilities, Weirdness & Mutations

You are too large for most types of armour.
You have tough skin. (AC +1)


Message History

Aim: a killer bee You throw a large rock.
The large rock hits the killer bee!
The killer bee is almost dead.
The killer bee stings you! The killer bee misses you.
The killer bee stings you. The killer bee barely misses you.
Throwing (i - inventory. (/) - cycle)
c - 3 large rocks (quivered)
Press: ? - help, Shift-Dir - straight line, f/p - killer bee
Aim: a killer bee (almost dead)
You throw a large rock.
The large rock barely misses the killer bee.
The killer bee stings you! The killer bee stings you. x2
The killer bee stings you!
* * * LOW HITPOINT WARNING * * *
The killer bee closely misses you. The killer bee barely misses you.
A red film seems to cover your vision as you go berserk!
You feel yourself moving faster!
You feel mighty! The killer bee stings you!
* * * LOW HITPOINT WARNING * * *
You are lethally poisoned!
The killer bee poisons you! The killer bee stings you.
You die...

##############################
#<..P#.....#.....#.⌠._._._._.⌠
#PP..'.....'.#...'.._._._._._.
#PPPP#.....#.#...#..._._._._..
###############'##.._._._._._.
♣......yy@...#._._._._._.⌠
.y...♣....y#...#############
y.. ♣..♣..###### + #+#####


You could see 3 killer bees.

Vanquished Creatures
  3 oklob saplings (D)
  A worker ant (D)
  A river rat (D)
  A rat (D)
6 creatures vanquished.

Notes
Turn   | Place    | Note
-------+----------+-------------------------------------------
     0 | D        | MikeHunt the Ogre Hunter began the quest for the Orb.
     0 | D        | Reached XP level 1. HP: 22/22 MP: 1/1
     4 | D        | Reached skill level 5 in Throwing
     4 | D        | Reached XP level 2. HP: 29/29 MP: 2/2
    24 | D        | Noticed an oklob sapling
   241 | D        | Killed an oklob sapling
   241 | D        | Reached skill level 7 in Throwing
   241 | D        | Reached XP level 3. HP: 34/36 MP: 3/3
   250 | D        | Found the amulet of invisibility {+Inv}
   251 | D        | Reached skill level 8 in Throwing
   251 | D        | Reached XP level 4. HP: 43/44 MP: 4/4
   267 | D        | Found an opulent altar of Gozag.
   267 | D        | Found a hazy altar of Hepliaklqana.
   267 | D        | Found a burning altar of Makhleb.
   267 | D        | Found a sparkling altar of Nemelex Xobeh.
   267 | D        | Found a sacrificial altar of Ru.
   267 | D        | Found a deep blue altar of Sif Muna.
   267 | D        | Found an ornate altar of the Wu Jian Council.
   267 | D        | Found a shimmering altar of Xom.
   267 | D        | Found a basalt altar of Yredelemnul.
   268 | D        | Found a viscous altar of Jiyva.
   268 | D        | Found a roughly hewn altar of Beogh.
   268 | D        | Found a snail-covered altar of Cheibriados.
   268 | D        | Found a bloodstained altar of Trog.
   268 | D        | Noticed an oklob sapling priest
   270 | D        | Killed an oklob sapling priest
   270 | D        | Reached skill level 10 in Throwing
   271 | D        | Found an iron altar of Okawaru.
   271 | D        | Found a shadowy altar of Dithmenos.
   271 | D        | Found a glowing silver altar of Zin.
   272 | D        | Found a hide-covered altar of Uskayaw.
   272 | D        | Found an ancient bone altar of Kikubaaqudgha.
   273 | D        | Found a stormy altar of Qazlal.
   273 | D        | Found a glowing golden altar of the Shining One.
   273 | D        | Found a white marble altar of Elyvilon.
   274 | D        | Found a radiant altar of Vehumet.
   274 | D        | Found a corrupted altar of Lugonu.
   280 | D        | Became a worshipper of Warmaster Okawaru
   291 | D        | Reached XP level 5. HP: 50/50 MP: 5/5
   314 | D        | Noticed a queen bee
   321 | D        | Slain by a killer bee

Levels and vault maps discovered:
D:        dungeon_sprint_fedhas [sprint_temple]

Skill      XL: |  1  2  3  4 |
---------------+-------------+-----
Throwing       | 5 7 8 10 | 10.6
Fighting       | |  2.6
Dodging        | |  1.7
Stealth        | |  0.6

Action                   |  1- 3 |  4- 6 || total
-------------------------+-------+-------++-------
Throw: Large rock        |     6 |     5 ||    11
  Use: Potion            |       |     1 ||     1
Dodge: Dodged            |     2 |     4 ||     6

Table legend:
 A = Non-vault XP
 B = Vault XP
 C = Vault XP percentage of total XP
 D = Non-vault monster count
 E = Vault monster count
 F = Vault count percentage of total count
                 A         B        C        D         E       F
            +---------+---------+-------+---------+---------+-------
      Total |       0 |     196 | 100.0 |       0 |       6 | 100.0
            +---------+---------+-------+---------+---------+-------
          D |       0 |     196 | 100.0 |       0 |       6 | 100.0
            +---------+---------+-------+---------+---------+-------
